 Dungeon Crawl Stone Soup version 0.13.0-6-g40e4d2d (webtiles) character file.

53 Piginabag the Digger (level 1, 0/10 HPs)
             Began as a Gargoyle Earth Elementalist on Oct 15, 2013.
             Hit by a dart of flame thrown by a kobold (2 damage)
             ... on Level 2 of the Dungeon.
             The game lasted 00:03:37 (201 turns).

Piginabag the Digger (Gargoyle Earth Elementalist)   Turns: 201, Time: 00:03:37

HP   0/10        AC  4     Str 11      XL: 1   Next: 90%
MP   3/3         EV 12     Int 15      God:
Gold 47          SH  0     Dex 10      Spells:  1 memorised,  1 level left

Res.Fire  : . . .   See Invis. : .   e - +1 dagger
Res.Cold  : . . .   Warding    : .   c - +0 robe
Life Prot.: + . .   Conserve   : .   (no shield)
Res.Poison: +       Res.Corr.  : .   (no helmet)
Res.Elec. : +       Clarity    : .   (no cloak)
Sust.Abil.: . .     Spirit.Shd : .   (no gloves)
Res.Mut.  : .       Stasis     : .   (no boots)
Res.Rott. : +       Flight     : .   (no amulet)
Saprovore : . . .                    (no ring)
                                     (no ring)

@: not resistant to hostile enchantments, fairly stealthy
A: fangs 1, talons 2, life protection 1, electricity resistance, slow metabolism
1, unbreathing, petrification resistance, AC +2
a: no special abilities


You were on level 2 of the Dungeon.
You were not hungry.

You visited 1 branch of the dungeon, and saw 2 of its levels.

You collected 27 gold pieces.

Inventory:

Hand weapons
 e - a +1,+1 dagger (weapon)
Missiles
 b - 20 stones (quivered)
Armour
 c - a +0 robe (worn)
Comestibles
 a - a bread ration
Scrolls
 h - a scroll of blinking {unknown}
Jewellery
 g - a cursed -3 ring of protection {unknown}
Potions
 f - a potion of agility {unknown}
Books
 d - a book of Geomancy

   Spells                             Type                      Level
   *Sandblast                         Earth                        1
   Stoneskin                          Transmutation/Earth          2
   Passwall                           Transmutation/Earth          3
   Stone Arrow                        Conjuration/Earth            3
   Petrify                            Transmutation/Earth          4
   Lee's Rapid Deconstruction         Earth                        5


   Skills:
 + Level 1.7 Dodging
 + Level 2.2 Stealth
 + Level 1.0 Spellcasting
   Level 0.7 Transmutations
 + Level 4.0 Earth Magic


You had one spell level left.
You knew the following spells:

 Your Spells              Type           Power        Failure   Level  Hunger
a - Sandblast             Erth           ##....       6%          1    ##.....


Dungeon Overview and Level Annotations

Branches:
Dungeon (2/27)

Altars:


Innate Abilities, Weirdness & Mutations

You are resistant to torment.
You are immune to poison.
Your stone body is very resilient (AC +2).
You have very sharp teeth.
You have razor-sharp toenails.
You resist negative energy.
You are resistant to electric shocks.
You have a slow metabolism.
You can survive without breathing.
You are immune to petrification.


Message History

The hobgoblin shouts!
Found a scroll labeled LEDUMU DOYCWOE.
Found a stone staircase leading down.
You hit the ball python. You claw the ball python.
You kill the ball python!
The hobgoblin closely misses you.
The hobgoblin hits you but does no damage.
Unknown command.
The hobgoblin hits you but does no damage.
Found a spear.
A kobold comes into view. It is wielding a glowing dagger.
The kobold shouts!
The hobgoblin closely misses you.
You see here a scroll labeled LEDUMU DOYCWOE.
The ball python barely misses you. The ball python completely misses you.
The hobgoblin hits you but does no damage.
The ball python barely misses you. The ball python closely misses you.
Found a scroll labeled TRE TRE CYRULL.
The hobgoblin closely misses you.
The kobold throws a dart of flame.
The dart of flame hits you!
You die...

. . #.#.# ####.#.#
#....#.# #....#.#
....#.# . #....# ..#
#.)..# ....### #..@.#
.......#####g..#
.......#...g##.#
..###...#..gg##.#####
............?...K.K..
###.....#######.#####
....... .?. ##...##
.".# #### . #


You could see 4 hobgoblins and a kobold.

Vanquished Creatures
  2 goblins (D:1)
  A hobgoblin (D:1)
  2 ball pythons
  A bat (D:1)
6 creatures vanquished.

Notes
Turn   | Place    | Note
--------------------------------------------------------------
     0 | D:1      | Piginabag, the Gargoyle Earth Elementalist, began the quest for the Orb.
     0 | D:1      | Reached XP level 1. HP: 10/10 MP: 3/3
    84 | D:1      | Reached skill level 4 in Earth Magic
   201 | D:2      | Hit by a dart of flame thrown by a kobold

Action                   || total
-------------------------++-------
Melee: Dagger            ||     5
       Unarmed           ||     1
 Cast: Sandblast         ||     9
